AoeStats
← tainankadij

Arena

510147685Analyzed
1v1 RM · 2d ago on Sep 29, 2026· 38m 47s· 2 players
Game mode
Random Map
Map size
Tiny (2 player)
Population
200
Speed
Normal
Resources
Standard
Victory
Conquest
Starting age
Dark Age
Ending age
Imperial Age
RankedLock teamsTeams togetherTeam positionsShared explorationLock speedFull tech treeHidden civsTurbo modeCheats
Victory
Defeat
🇸🇮 Tupi · Slovenia
1044
+14
🇮🇩 Burgundians · Indonesia
1008
-14
tainankadij
7:26 Double-Bit Axe
9:43 Horse Collar
12:14 Feudal Age
12:01 Gold Mining
16:42 Castle Age
15:02 Bow Saw
15:37 Gold Shaft Mining
15:14 Man-at-Arms
16:04 Fletching
17:21 Scale Barding Armor
17:19 Cavalier
18:03 Husbandry
20:02 Husbandry
24:17 Scale Barding Armor
24:33 Forging
31:07 Bodkin Arrow
33:08 Chain Barding Armor
TheRustyHammer
9:49 Feudal Age
14:48 Castle Age
13:05 Horse Collar
13:14 Loom
19:36 Fletching
21:44 Bodkin Arrow
26:43 Town Watch
27:03 Padded Archer Armor
29:53 Forging
Connection lost

Rejoining the realm…

Still unreachable

The connection could not be restored.

Session expired

The server has moved on; the page needs a fresh start.